 Dungeon Crawl Stone Soup version 0.18.1-47-g9310371 (webtiles) character file.

205 hannobal the Chiller (level 5, -6/27 HPs)
             Began as an Octopode Ice Elementalist on June 22, 2016.
             Mangled by Sigmund
             ... wielding a +0 scythe
              (13 damage)
             ... on level 3 of the Dungeon.
             The game lasted 00:14:56 (3972 turns).

hannobal the Chiller (Octopode Ice Elementalist)    Turns: 3972, Time: 00:14:57

Health: -6/27      AC:  9    Str:  7    XL:     5   Next: 83%
Magic:  6/9        EV:  7    Int: 18    God:
Gold:   126        SH:  0    Dex: 13    Spells: 4 memorised, 0 levels left

rFire  + . .     SeeInvis .     a - +0 trident
rCold  . . .     Gourm    .     (no shield)
rNeg   . . .     Faith    .     (helmet restricted)
rPois  .         Spirit   .     (no amulet)
rElec  .         Dismiss  .     (no ring)
rCorr  .         Reflect  .     (no ring)
SustAt .         Harm     .     (no ring)
MR     .....                    (no ring)
Stlth  ++........               (no ring)
                                (no ring)
                                (no ring)
                                (no ring)

@: confused, icy armour (expiring), slow, not resistant to hostile enchantments,
unstealthy
A: almost no armour, amphibious, 8 rings, constrict 8, slimy green scales 1,
camouflage 1, fire resistance 1, frail 1, gelatinous body 1
a: no special abilities


You were on level 3 of the Dungeon.
You were near starving.

You visited 1 branch of the dungeon, and saw 4 of its levels.

You collected 126 gold pieces.

Inventory:

Hand Weapons
 a - a +0 trident (weapon)
 b - a +0 hunting sling
 j - a +0 glaive
 l - a +1 short sword
 n - a +0 antimagic short sword
 p - a +0 hand axe
 w - a +0 shortbow
 y - a +0 flail
Missiles
 c - 77 stones (quivered)
 q - 15 bolts
 t - 8 poisoned needles
Armour
 g - a +0 buckler
 o - a +0 shield
Wands
 s - a wand of iceblast (10/15)
Scrolls
 e - 2 scrolls of remove curse
 k - 3 scrolls of identify
Potions
 x - a potion of brilliance
Books
 i - a book of Frost

   Spells                             Type                      Level
   a - Freeze                         Ice                          1
   b - Throw Frost                    Conjuration/Ice              2
   c - Ozocubu's Armour               Charms/Ice                   3
   d - Throw Icicle                   Conjuration/Ice              4
   e - Summon Ice Beast               Ice/Summoning                4
 v - a book of Party Tricks

   Spells                             Type                      Level
   a - Summon Butterflies             Summoning                    1
   b - Apportation                    Translocation                1
   c - Tukima's Dance                 Hexes                        3
   d - Alistair's Intoxication        Transmutation/Poison         5
   e - Invisibility                   Hexes                        6
Comestibles
 f - 4 bread rations
 r - a meat ration
 u - a royal jelly


   Skills:
 - Level 2.0 Dodging
 - Level 3.1 Stealth
 - Level 3.1 Spellcasting
 - Level 1.0 Conjurations
 - Level 1.1 Charms
 + Level 5.3 Ice Magic


You couldn't memorise any spells.
You knew the following spells:

 Your Spells              Type           Power        Failure   Level  Hunger
b - Summon Ice Beast      Ice/Summ       ##......     67%         4    ####...
o - Ozocubu's Armour      Chrm/Ice       ##......     14%         3    ###....
t - Throw Frost           Conj/Ice       ##....       10%         2    ##.....
z - Freeze                Ice            ###.         1%          1    None


Dungeon Overview and Level Annotations

Branches:
Dungeon (4/15)
 Temple: D:4-7

Altars:
Dithmenos
Fedhas
Gozag
Nemelex Xobeh
Pakellas
Ru
Yredelemnul

Annotations:
D:3 Sigmund; TBriggs11TB's ghost, amateur MiFi
D:4 Pikel


Innate Abilities, Weirdness & Mutations

You cannot wear most types of armour.
You are amphibious.
You can wear up to eight rings at the same time.
You can use your tentacles to constrict eight enemies at once.
Your skin changes colour to match your surroundings (Stealth).
Your rubbery body absorbs attacks (AC +1).
You are partially covered in slimy green scales (AC +2).
Your flesh is heat resistant.
You are frail (-10% HP).


Message History

Sigmund drinks a potion.
Sigmund seems to speed up.
You're too confused to move!
TBriggs11TB's ghost turns its malevolent gaze towards you.
Sigmund points at you and mumbles some strange words.
The magic dart hits you!
Drink which item? (? for menu, Esc to quit)
Okay, then.
You're too confused!
You hit TBriggs11TB's ghost but do no damage.
Sigmund casts a spell at you. The puff of flame hits you! You resist.
TBriggs11TB's ghost whispers, "The ORB doesn't exist."
TBriggs11TB's ghost hits you. The heat melts your icy armour.
Sigmund hits you from afar with a scythe.
* * * LOW HITPOINT WARNING * * *
TBriggs11TB's ghost barely misses you.
There is a stone staircase leading up here.
Sigmund hits you from afar with a scythe!
You die...

#..#### #.# #.# #.....#
#.# #.# ##.##.#####.###.#
### #.##...........# #..
#.##..####.##### #.#
#.##..####.#### #.# #
####.#...........# #.# #
*#........W....##.# #.#
#####*#...###...@######.#
#.# ....#.......#.....##
#.# #..
###...#####...@....####.#
##.. #
*.#..#*#............#.#
#... #
*..,#.#.#.........#.#.#
##..
*.#.*#.##.........#,#.#
##.
*.#.##*##........##,#.#
##
*.#,.,,.........##*,#.# #
***@#*##..###..@.## *,#.#
#


You could see Sigmund and TBriggs11TB's ghost.

Vanquished Creatures
  An orc priest (D:3)
  Jessica (D:3)
  Ijyb (D:3)
  2 orc wizards (D:3)
  An ooze (D:2)
  2 worms (D:2)
  A giant gecko (D:1)
  5 orcs
  A ball python (D:3)
  3 giant cockroaches (D:3)
  6 goblins
  4 hobgoblins (D:1)
  6 jackals
  2 quokkas (D:2)
  5 bats
  A giant newt (D:3)
  10 kobolds
  3 rats (D:3)
55 creatures vanquished.

Notes
Turn   | Place    | Note
--------------------------------------------------------------
     0 | D:1      | hannobal the Octopode Ice Elementalist began the quest for the Orb.
     0 | D:1      | Reached XP level 1. HP: 11/11 MP: 3/3
   426 | D:1      | Reached XP level 2. HP: 13/17 MP: 1/5
   442 | D:1      | Learned a level 2 spell: Throw Frost
   867 | D:1      | Gained mutation: You are partially covered in slimy green scales (AC +2). [potion of mutation]
   867 | D:1      | Gained mutation: You are frail (-10% HP). [potion of mutation]
   867 | D:1      | Gained mutation: Your flesh is heat resistant. [potion of mutation]
  1306 | D:2      | Reached XP level 3. HP: 13/18 MP: 3/6
  1425 | D:2      | Reached skill level 4 in Ice Magic
  1430 | D:2      | Learned a level 3 spell: Ozocubu's Armour
  1579 | D:2      | Found a shadowy altar of Dithmenos.
  1959 | D:2      | Reached skill level 1 in Charms
  2006 | D:2      | Found an oddly glowing altar of Pakellas.
  2649 | D:3      | Noticed TBriggs11TB's ghost (amateur MiFi)
  2736 | D:3      | Noticed Ijyb
  2748 | D:3      | Killed Ijyb
  2748 | D:3      | Reached XP level 4. HP: 20/24 MP: 0/7
  2849 | D:3      | Noticed Jessica
  3000 | D:3      | Noticed Sigmund
  3066 | D:3      | Found a sacrificial altar of Ru.
  3191 | D:3      | Reached XP level 5. HP: 27/27 MP: 3/9
  3208 | D:3      | Killed Jessica
  3286 | D:3      | Found a basalt altar of Yredelemnul.
  3300 | D:3      | Found a sparkling altar of Nemelex Xobeh.
  3301 | D:3      | Found an opulent altar of Gozag.
  3411 | D:3      | Learned a level 4 spell: Summon Ice Beast
  3431 | D:3      | Reached skill level 5 in Ice Magic
  3896 | D:4      | Found a blossoming altar of Fedhas.
  3898 | D:4      | Noticed a slave
  3899 | D:4      | Noticed a slave
  3899 | D:4      | Noticed a slave
  3900 | D:4      | Noticed Pikel
  3900 | D:4      | Noticed a slave
  3972 | D:3      | Mangled by Sigmund

Skill      XL: |  1  2  3  4  5 |
---------------+----------------+-----
Stealth        | 3 |  3.1
Ice Magic      | 4 5 |  5.3
Charms         | 1 |  1.1
Spellcasting   | 3 |  3.1
Dodging        | |  2.0
Conjurations   | |  1.0

Action                   |  1- 3 |  4- 6 || total
-------------------------+-------+-------++-------
Melee: Club              |     8 |       ||     8
       Constrict         |     4 |     1 ||     5
       Tentacles         |     2 |     2 ||     4
       Trident           |     7 |     7 ||    14
 Fire: Hunting sling     |    16 |       ||    16
Throw: Stone             |     6 |       ||     6
 Cast: Freeze            |    55 |    30 ||    85
       Ozocubu's Armour  |     6 |     7 ||    13
       Throw Frost       |     4 |     2 ||     6
  Use: Scroll            |     5 |     1 ||     6
       Potion            |     4 |     1 ||     5
  Eat: Chunk             |     6 |     2 ||     8
       Pizza             |     1 |     1 ||     2
Armor: Skin              |     9 |    12 ||    21
Dodge: Dodged            |    38 |    16 ||    54
